 Dungeon Crawl Stone Soup version 0.31.0-12-g77e489cdc1 (webtiles) character file.

Game seed: 9756935375803065449

19259 hawla the Torchbearer (level 12, -14/139 HPs)
             Began as a Minotaur Fighter on Feb 19, 2024.
             Was a Believer of Yredelemnul.
             Demolished by a +5 long sword (16 damage)
             ... on level 13 of the Dungeon.
             The game lasted 00:26:40 (12930 turns).

hawla the Torchbearer (Minotaur Fighter)           Turns: 12930, Time: 00:26:42

Health: -14/139    AC: 26    Str: 24    XL:     12   Next: 35%
Magic:  19/19      EV:  2    Int:  8    God:    Yredelemnul [**....]
Gold:   798        SH: 13    Dex: 14    Spells: 11/11 levels left

rFire   + . .        t - +5 short sword "Dekan" {venom, rF+ Str+2 Int+3 Stlth+}
rCold   . . .        p - +0 tower shield
rNeg    . . .        i - melded +1 chain mail of Neuckuk {Int+3}
rPois   +            (helmet currently unavailable)
rElec   .            q - melded scarf {repulsion}
rCorr   .            (gloves currently unavailable)
SInv    .            (boots currently unavailable)
Will    .....        (no amulet)
Stlth   ++           k - +5 ring of evasion
HPRegen 0.43/turn    h - +5 ring of evasion
MPRegen 0.16/turn

%: no passive effects
@: tree-form
A: stationary, stasis, torment immunity, boosted hp, (horns 2), (retaliatory
headbutt), (fire resistance 1), frail 1
a: Renounce Religion, Recall Undead Harvest, Dark Bargain


You were on level 13 of the Dungeon.
You worshipped Yredelemnul.
Yredelemnul was aware of your devotion.
You were a tree.
You visited 2 branches of the dungeon, and saw 14 of its levels.

You collected 860 gold pieces.
You spent 62 gold pieces at shops.

Inventory:

Hand Weapons
 a - a +4 long sword
 t - the +5 short sword "Dekan" (weapon) {venom, rF+ Str+2 Int+3 Stlth+}
   (You found it on level 5 of the Dungeon)

   Str+2:     It affects your strength (+2).
   Int+3:     It affects your intelligence (+3).
   rF+:       It protects you from fire.
   Stlth+:    It makes you more stealthy.
Missiles
 f - 5 throwing nets
 l - 21 poisoned darts (quivered)
 v - a curare-tipped dart
Armour
 i - the +1 chain mail of Neuckuk (melded) {Int+3}
   (You found it on level 3 of the Dungeon)

   Int+3:     It affects your intelligence (+3).
 p - a +0 tower shield (worn)
 q - a scarf of repulsion (melded)
Jewellery
 h - a +5 ring of evasion (right branch)
 k - a +5 ring of evasion (left branch)
 m - a ring of protection from cold
 u - a +6 ring of strength
 y - a ring of protection from fire
Wands
 n - a wand of mindburst (8)
 r - a wand of paralysis (6)
 D - a wand of iceblast (5)
Scrolls
 b - a scroll of fear
 e - a scroll of acquirement {unknown}
 j - 3 scrolls of teleportation
 B - 3 scrolls of vulnerability
 C - a scroll of silence
 E - a scroll of enchant armour
Potions
 d - 2 potions of might
 g - a potion of mutation
 s - a potion of cancellation
 w - 2 potions of haste
 x - a potion of lignification
 z - 3 potions of enlightenment
Miscellaneous
 o - a lightning rod (4/4)


   Skills:
 - Level 9.0 Fighting
 - Level 9.8(11.6) Short Blades
 + Level 10.7(12.5) Long Blades
 - Level 6.0 Throwing
 - Level 3.6 Armour
 - Level 7.0 Dodging
 - Level 5.0 Shields
 - Level 11.0 Invocations
 - Level 4.0 Evocations


You had 11 spell levels left.
You didn't know any spells.
Your spell library was empty.

Dungeon Overview and Level Annotations

Branches:
Dungeon (13/15)            Temple (1/1) D:6            Lair (0/5) D:11
    Orc (0/2) D:12         Vaults (0/5) D:13

Altars:
Ashenzari
Cheibriados
Dithmenos
Elyvilon
Fedhas
Gozag
Hepliaklqana
Kikubaaqudgha
Makhleb
Nemelex Xobeh
Okawaru
Qazlal
Ru
Sif Muna
Trog
Uskayaw
Vehumet
Wu Jian
Xom
Yredelemnul
Zin
The Shining One

Shops:
D:4 (

Annotations:
D:12 1 runed translucent door, Solenn's ghost, journeyman MiFi


Innate Abilities, Weirdness & Mutations

You are a tree.
Your roots penetrate the ground, keeping you stationary.
You cannot be teleported.
You are immune to unholy pain and torment.
Your maximum health is greatly increased.
Your equipment is partially melded.
((You have a pair of horns on your head.))
((You reflexively headbutt those who attack you in melee.))
((Your flesh is heat resistant. (rF+)))
You are frail. (-10% HP)


Message History

Your two-headed ogre zombie hits the vault guard but does no damage. x2
The +5 long sword attacks as it pursues you!
You block the +5 long sword's attack.
The vault guard attacks as it pursues you!
You block the vault guard's attack. You block the +5 long sword's attack.
The +5 long sword attacks as it pursues you!
The +5 long sword barely misses you.
Your two-headed ogre zombie hits the +5 long sword but does no damage.
Your two-headed ogre zombie hits the +5 long sword!
Aiming: Paralyse
Press: ? - help, Shift-Dir - straight line, f - vault guard
Aim: a vault guard, wielding a +6 long sword and wearing a +0 chain mail (heavily wounded, extremely poisoned, ally target, chance to affect: 25%)
Okay, then.
Aiming: Mindburst
Press: ? - help, Shift-Dir - straight line, f - vault guard
Aim: a vault guard, wielding a +6 long sword and wearing a +0 chain mail (heavily wounded, extremely poisoned, ally target, chance to affect: 47%)
The vault guard's mind is blasted!!
You block the +5 long sword's attack.
The vault guard hits you with a +6 long sword!
* * * LOW HITPOINT WARNING * * *
The +5 long sword hits you!
* * * LOW HITPOINT WARNING * * *
Unknown command.
You turn into a tree.
Your scarf of repulsion melds into your body.
The +1 chain mail of Neuckuk {Int+3} melds into your body.
The haze of the repulsion field disappears.
Your roots penetrate the ground.
You block the +5 long sword's attack.
The vault guard hits you but does no damage.
Your basilisk zombie bites the vault guard but does no damage.
Your two-headed ogre zombie closely misses the +5 long sword.
Your two-headed ogre zombie hits the +5 long sword!
The +5 long sword hits you.
* * * LOW HITPOINT WARNING * * *
You puncture the vault guard!
The vault guard looks as sick as possible!
The vault guard is almost dead.
You kill the vault guard!
The +5 long sword hits you!
You die...
Your body rises from the dead as a mindless zombie.

#. #. ...# #.. #∩ ...
#..##.##..# #...#.#...#
. #.........# .
##.........# ########
#.....Z.Z..# #.......
.......()..# #.......
.###...♣..## ##.......
#...#......# #........
#.#.#......# #....##..
..........# #....####
#........######....##
#........##.........#
#.......###.........#
#####.#.###.........#
#######.#......).)....#


You could see a +5 long sword, a friendly basilisk zombie and a friendly
two-headed ogre zombie.

Vanquished Creatures
  A fire dragon (D:10)
  A vault guard (D:13)
  A centaur warrior (D:10)
  4 two-headed ogres
  A deep elf pyromancer (D:10)
  Maurice (D:9)
  2 ugly things
  A cyclops (D:12)
  Maggie (D:7)
  Joseph (D:7)
  2 unseen horrors
  A rime drake (D:11)
  A kobold demonologist (D:10)
  2 komodo dragons
  2 polar bears (D:11)
  A troll (D:11)
  Prince Ribbit (D:6)
  A shadow (D:10)
  A wraith (D:11)
  2 wyverns
  17 yaks
  A hog (shapeshifter) (D:10)
  A basilisk (D:13)
  2 steam dragons
  Menkaure (D:6)
  3 acid dragons (D:10)
  A black bear (shapeshifter) (D:13)
  4 orc warriors
  An ice beast (D:11)
  3 sky beasts
  A black bear (D:6)
  An ogre (D:6)
  4 centaurs
  2 wolves (D:11)
  2 phantoms
  A kobold brigand (D:6)
  4 bullfrogs
  4 scorpions
  A gnoll sergeant (D:11)
  4 wights (D:10)
  6 killer bees
  5 howler monkeys
  2 bombardier beetles
  4 hounds
  3 jellies
  2 gnoll boudas
  7 orc priests
  Crazy Yiuf (D:2)
  Jessica (D:3)
  2 iguanas
  Natasha (thrice) (D:4)
  10 orc wizards
  9 adders
  15 gnolls
  3 ufetubi
  A ribbon worm (D:2)
  A dart slug (D:1)
  26 orcs
  6 endoplasms
  3 giant cockroaches
  6 hobgoblins
  3 jackals (D:3)
  12 kobolds
  3 quokkas
  3 training dummies (D:4)
  7 ball pythons
  7 bats
  6 frilled lizards
  4 goblins
  14 rats
261 creatures vanquished.

Vanquished Creatures (collateral kills)
  A two-headed ogre (D:11)
  An ugly thing (D:12)
  2 gargoyles
  A wraith (D:11)
  5 yaks
  A steam dragon (D:10)
  An ogre (D:7)
  An ice beast (D:11)
  A wolf (D:11)
  A kobold brigand (D:9)
  5 killer bees
  An orc priest (D:9)
  An orc wizard (D:9)
  A gnoll (D:8)
  4 orcs
  2 kobolds (D:9)
29 creatures vanquished.

Vanquished Creatures (others)
  An unseen horror zombie (D:10)
  A fire dragon zombie (D:10)
  A hog zombie (D:10)
  2 wyvern zombies
  6 yak zombies
  A wolf zombie (D:11)
  3 centaur zombies (D:10)
  An acid dragon zombie (D:10)
  2 killer bee zombies
  A hound zombie (D:7)
  2 howler monkey zombies (D:10)
  A steam dragon zombie (D:10)
  An orc zombie (D:9)
  2 gnoll zombies (D:8)
  3 kobold zombies
28 creatures vanquished.

Grand Total: 318 creatures vanquished

Notes
Turn   | Place    | Note
-------+----------+-------------------------------------------
     0 | D:1      | hawla the Minotaur Fighter began the quest for the Orb.
     0 | D:1      | Reached XP level 1. HP: 19/19 MP: 0/0
   146 | D:1      | Reached XP level 2. HP: 20/26 MP: 1/1
   439 | D:1      | Reached skill level 5 in Shields
   734 | D:2      | Reached skill level 1 in Dodging
   734 | D:2      | Reached XP level 3. HP: 31/31 MP: 2/2
   841 | D:2      | Found a faded altar of an unknown god.
   922 | D:2      | Reached XP level 4. HP: 39/39 MP: 3/3
   998 | D:2      | Found a runed translucent door.
   999 | D:2      | Noticed Crazy Yiuf
  1495 | D:2      | Killed Crazy Yiuf
  1593 | D:3      | Identified the +1 chain mail of Neuckuk {Int+3}
  1779 | D:3      | Reached XP level 5. HP: 41/45 MP: 4/4
  1824 | D:3      | Noticed Jessica
  1827 | D:3      | Killed Jessica
  2086 | D:4      | Found Zocvat's Firing Range.
  2110 | D:4      | Bought 3 poisoned darts for 23 gold pieces
  2110 | D:4      | Bought a throwing net for 39 gold pieces
  2184 | D:4      | Reached skill level 5 in Dodging
  2265 | D:4      | Reached XP level 6. HP: 38/51 MP: 5/5
  2346 | D:4      | Noticed Natasha
  2355 | D:4      | Killed Natasha
  2378 | D:4      | Noticed Natasha
  2396 | D:4      | Killed Natasha
  2545 | D:4      | Noticed Natasha
  2552 | D:4      | Killed Natasha
  2790 | D:5      | Entered Level 5 of the Dungeon
  2843 | D:5      | Reached skill level 1 in Evocations
  2849 | D:5      | Reached XP level 7. HP: 47/57 MP: 6/6
  3020 | D:5      | Identified the +5 short sword "Dekan" {venom, rF+ Str+2
                  | Int+3 Stlth+}
  4311 | D:6      | Reached XP level 8. HP: 64/64 MP: 7/7
  4338 | D:6      | Noticed Prince Ribbit
  4349 | D:6      | Killed Prince Ribbit
  4350 | D:6      | Reached skill level 5 in Throwing
  4663 | D:6      | Reached skill level 5 in Fighting
  4874 | D:6      | Found a staircase to the Ecumenical Temple.
  4885 | D:6      | Noticed Menkaure
  4892 | Temple   | Entered the Ecumenical Temple
  4980 | Temple   | Became a worshipper of Yredelemnul the Dark
  5124 | D:6      | Killed Menkaure
  5145 | D:6      | Reached XP level 9. HP: 43/79 MP: 8/8
  5597 | D:7      | Noticed Joseph
  5616 | D:7      | Killed Joseph
  5630 | D:7      | Reached * piety under Yredelemnul
  5643 | D:7      | Reached skill level 1 in Short Blades
  5655 | D:7      | Gained mutation: Your flesh is heat resistant. (rF+)
                  | [potion of mutation]
  5655 | D:7      | Gained mutation: You are frail. (-10% HP) [potion of
                  | mutation]
  5827 | D:7      | Identified the +0 leather armour "Kypsaxt" {-Tele rF+ rCorr
                  | SInv}
  5905 | D:7      | Noticed Maggie
  5918 | D:7      | Killed Maggie
  5919 | D:7      | Reached ** piety under Yredelemnul
  5919 | D:7      | Reached skill level 5 in Short Blades
  6611 | D:8      | Noticed a two-headed ogre
  6642 | D:8      | Killed a two-headed ogre
  6643 | D:8      | Reached XP level 10. HP: 44/81 MP: 9/9
  6825 | D:8      | Reached *** piety under Yredelemnul
  6832 | D:8      | Reached **** piety under Yredelemnul
  6836 | D:8      | Reached ***** piety under Yredelemnul
  7386 | D:8      | Reached ****** piety under Yredelemnul
  7831 | D:9      | Reached skill level 1 in Invocations
  7834 | D:9      | Reached skill level 2 in Invocations
  7840 | D:9      | Reached skill level 3 in Invocations
  7851 | D:9      | Reached skill level 4 in Invocations
  8044 | D:9      | Noticed Maurice
  8048 | D:9      | Found a hide-covered altar of Uskayaw.
  8059 | D:9      | Killed Maurice
  8060 | D:9      | Reached skill level 5 in Invocations
  8115 | D:9      | Found a blossoming altar of Fedhas.
  8115 | D:9      | Found a white marble altar of Elyvilon.
  8116 | D:9      | Found a sacrificial altar of Ru.
  8178 | D:9      | Reached skill level 6 in Invocations
  8366 | D:9      | Found a burning altar of Makhleb.
  8648 | D:10     | Entered Level 10 of the Dungeon
  8698 | D:10     | Reached skill level 7 in Invocations
  8746 | D:10     | Reached XP level 11. HP: 76/87 MP: 15/15
  8887 | D:10     | Found a transporter.
  8916 | D:10     | Noticed a deep elf pyromancer
  8916 | D:10     | Noticed a fire dragon
  8917 | D:10     | Noticed a centaur warrior
  8967 | D:10     | Reached skill level 8 in Invocations
  9408 | D:10     | Reached skill level 9 in Invocations
  9799 | D:10     | Found a transporter.
  9806 | D:10     | Noticed an entropy weaver
  9831 | D:10     | Killed a fire dragon
  9850 | D:10     | Killed a centaur warrior
  9851 | D:10     | Reached skill level 10 in Invocations
 10352 | D:10     | Killed a deep elf pyromancer
 10482 | D:11     | Noticed a two-headed ogre
 10501 | D:11     | Noticed a purple ugly thing
 10510 | D:11     | Reached skill level 11 in Invocations
 10522 | D:11     | Killed a purple ugly thing
 10530 | D:11     | Reached skill level 5 in Long Blades
 10595 | D:11     | Killed a two-headed ogre
 10622 | D:11     | Found a staircase to the Lair.
 10671 | D:11     | Noticed a two-headed ogre
 10685 | D:11     | Killed a two-headed ogre
 10686 | D:11     | Reached XP level 12. HP: 59/93 MP: 19/19
 11625 | D:12     | Found a runed translucent door.
 11627 | D:12     | Noticed Solenn's ghost (journeyman MiFi)
 12407 | D:12     | Found a staircase to the Orcish Mines.
 12542 | D:13     | Noticed a two-headed ogre
 12551 | D:13     | Killed a two-headed ogre
 12681 | D:13     | Reached skill level 10 in Long Blades
 12776 | D:13     | Noticed a two-headed ogre
 12784 | D:13     | Killed a two-headed ogre
 12909 | D:13     | Noticed a vault guard
 12910 | D:13     | Found a gate to the Vaults.
 12928 | D:13     | HP: 1/93 [+5 long sword (17)]
 12930 | D:13     | Killed a vault guard
 12930 | D:13     | Demolished by a +5 long sword

Illustrated notes

Levels and vault maps discovered:
D:1:      lightli_arrival_boilingwater, layout_loops_ring, hex_large,
          minmay_rat_gold_closets
D:2:      layout_basic, hellmonk_ecumenical_altar_crossroads,
          uniq_crazy_yiuf_cottage
D:3:      layout_rooms, uniq_jessica
D:4:      layout_cave_pods, minmay_misc_feat_secret_circle,
          minmay_misc_feat_tiny, nicolae_shop_firing_range, uniq_natasha
D:5:      layout_basic, minmay_fractal_squares_5
D:6:      layout_loops_corners, minmay_temple_entry_statues_pillars,
          minivault_23, minivault_22, uniq_menkaure, uniq_prince_ribbit1
D:7:      layout_loops_corners, uniq_maggie, uniq_joseph
D:8:      layout_basic, minmay_misc_feat_five
D:9:      layout_long_grid, nicolae_overflow_quartered_altars,
          mainiacjoe_overflow_alcove_4, uniq_maurice
D:10:     gammafunk_the_bubble [the_bubble_gammafunk_grid], layout_gridville,
          nrook_mini_backslash
D:11:     layout_basic, hellmonk_lair_entry_icy
D:12:     layout_loops_corners, orc_0_dummy, ebering_ghost_inner_flame
D:13:     layout_basic, erik_vaults_1, bloody_trog, uniq_rupert
Temple:   minmay_crystal_spiral_temple

Skill      XL: |  1  2  3  4  5  6  7  8  9 10 11 12 |
---------------+-------------------------------------+-----
Shields        | 4 5 |  5.0
Dodging        | 1 2 4 5 7 |  7.0
Evocations     | 1 4 |  4.0
Throwing       | 3 6 |  6.0
Fighting       | 7 9 |  9.0
Short Blades   | 7 9 |  9.8
Invocations    | 7 11 | 11.0
Long Blades    | 7 10 | 10.7
Armour         | |  3.6

Action                     |  1- 3 |  4- 6 |  7- 9 | 10-12 || total
---------------------------+-------+-------+-------+-------++-------
  Melee: Long sword        |    84 |   107 |    34 |       ||   225
         Headbutt          |    10 |    12 |    41 |   150 ||   213
         Short sword       |       |       |   199 |   509 ||   708
  Throw: Dart              |       |     4 |       |       ||     4
 Invoke: Recall Undead Har |       |       |     2 |     5 ||     7
  Evoke: Wand              |       |       |     4 |     4 ||     8
    Use: Scroll            |     4 |     7 |     5 |     9 ||    25
         Potion            |       |       |     6 |     7 ||    13
   Stab: Paralysed         |       |       |     1 |       ||     1
         Distracted        |       |       |       |     7 ||     7
         Invisible         |       |       |       |     4 ||     4
 Armour: Scale mail        |    51 |    13 |       |       ||    64
         Chain mail        |       |    62 |   110 |   184 ||   356
         Skin              |       |       |       |     3 ||     3
  Dodge: Dodged            |    46 |    94 |   185 |   351 ||   676
         Repelled          |       |       |       |     3 ||     3
  Block: Buckler           |    16 |    28 |    63 |    93 ||   200
         Tower shield      |       |       |       |    21 ||    21
